 Dungeon Crawl Stone Soup version 0.28-a0-1002-gf00fe891ef (console) character file.

Game seed: 3498000331949840356

3018 petzl the Sneak (level 9, -3/59 HPs)
             Began as an Octopode Arcane Marksman on Dec 6, 2021.
             Killed themself with a badly aimed iceblast (16 damage)
             ... on level 9 of the Dungeon.
             The game lasted 00:45:20 (11414 turns).

petzl the Sneak (Octopode Arcane Marksman)         Turns: 11414, Time: 00:45:20

Health: -3/59      AC:  1    Str: 10    XL:     9   Next: 85%
Magic:  11/16      EV: 13    Int: 19    God:
Gold:   313        SH:  4    Dex: 12    Spells: 3/17 levels left

rFire   + . .      SeeInvis .   p - +10 hand axe {spect, Drain rElec rF+, !f =f}
rCold   . . .      Faith    +   i - +0 buckler
rNeg    . . .      Spirit   .   (helmet restricted)
rPois   .          Reflect  .   g - amulet of faith
rElec   +          Harm     .   (no ring)
rCorr   .          Rampage  .   (no ring)
Will    .....                   (no ring)
Stlth   ++++......              (no ring)
HPRegen 0.19/turn               (no ring)
MPRegen 0.15/turn               (no ring)
                                (no ring)
                                (no ring)

@: no status effects
A: almost no armour, amphibious, 8 rings, camouflage 1, gelatinous body 1,
(nimble swimmer 1), tentacles
a: no special abilities


You were on level 9 of the Dungeon.
You visited 2 branches of the dungeon, and saw 11 of its levels.

You collected 393 gold pieces.
You spent 80 gold pieces at shops.

Inventory:

Hand Weapons
 a - a +0 falchion of electrocution
 b - a +0 hand crossbow
 p - the +10 hand axe of Juhireis (weapon) {spect, Drain rElec rF+, !f =f}
   (You found it on level 4 of the Dungeon)

   When its wielder attacks, the weapon's spirit leaps out and strikes again.
   The spirit shares a part of any damage it takes with its wielder.
   rF:        It protects you from fire.
   rElec:     It insulates you from electricity.
   Drain:     It drains your maximum health when unequipped.
 q - a +4 trident of venom
 B - a +2 dagger of protection {!f =f}
Missiles
 c - 25 bolts
 u - 9 poisoned darts
 v - 2 throwing nets
Armour
 i - a +0 buckler (worn)
Jewellery
 g - an amulet of faith (around mantle)
Wands
 x - a wand of flame (16)
 y - a wand of iceblast (3) (quivered)
Scrolls
 d - 2 scrolls of blinking {unknown}
 e - 2 scrolls of identify {unknown}
 f - a scroll of acquirement {unknown}
 h - a scroll of immolation {unknown}
 j - 5 scrolls of teleportation
 k - 2 scrolls of enchant armour {unknown}
 l - 2 scrolls of magic mapping {unknown}
 m - a scroll of torment {unknown}
 o - a scroll of holy word {unknown}
 r - 2 scrolls of fog {unknown}
 s - 3 scrolls of enchant weapon {unknown}
 t - 3 scrolls of amnesia {unknown}
 w - a scroll of noise {unknown}
 z - a scroll of brand weapon {unknown}
Potions
 n - 2 potions of flight
 A - a potion of heal wounds


   Skills:
 + Level 4.6 Fighting
 * Level 2.6 Axes
 - Level 4.0 Crossbows
 - Level 4.0 Dodging
 + Level 6.4 Stealth
 * Level 2.1 Shields
 * Level 4.9 Spellcasting
 * Level 5.3 Conjurations
 - Level 3.0 Hexes
 + Level 4.0 Ice Magic
 - Level 3.0 Air Magic
 + Level 2.3 Evocations


You had 3 spell levels left.
You knew the following spells:

 Your Spells              Type           Power      Damage    Failure   Level
a - Slow                  Hex            64%        N/A       4%          1
b - Poisonous Vapours     Pois/Air       20%        N/A       13%         2
c - Lightning Bolt        Conj/Air       10%        1d23      63%         5
A - Ozocubu's Armour      Ice            19%        N/A       9%          3
H - Swiftness             Air            16%        N/A       14%         3

Your spell library contained the following spells:

 Spells                   Type           Power      Damage    Failure   Level
 Static Discharge         Conj/Air       20%        N/A       4%          2
 Corpse Rot               Necr/Air       20%        N/A       13%         2
 Animate Skeleton         Necr           8%         N/A       16%         1
 Pain                     Necr           16%        1d4       16%         1
 Passwall                 Tmut/Erth      3%         N/A       24%         2
 Inner Flame              Hex/Fire       10%        N/A       26%         3
 Portal Projectile        Hex/Tloc       20%        N/A       26%         3
 Vampiric Draining        Necr           4%         2d6       43%         3
 Cause Fear               Hex            8%         N/A       43%         4
 Metabolic Englaciation   Hex/Ice        9%         N/A       71%         5
 Simulacrum               Ice/Necr       6%         N/A       100%        6
 Discord                  Hex            8%         N/A       100%        8
 Maxwell's Capacitive Co  Air            8%         ∞         100%        8


Dungeon Overview and Level Annotations

Branches:
Dungeon (10/15)            Temple (1/1) D:5             Orc (0/2) D:9
   Lair: D:8-11

Altars:
Ashenzari
Dithmenos
Elyvilon
Gozag
Hepliaklqana
Kikubaaqudgha
Makhleb
Nemelex Xobeh
Qazlal
Ru
Trog
Uskayaw
Wu Jian
Xom
Yredelemnul
Zin
The Shining One

Shops:
D:9 *

Annotations:
D:5 exclusion: 2 downstairs
D:6 exclusion: downstairs, Dowan, Duvessa
D:8 Harold
D:9 exclusion: upstairs
D:10 exclusion: upstairs


Innate Abilities, Weirdness & Mutations

You cannot wear most types of armour.
You are amphibious.
You can wear up to eight rings at the same time.
Your skin changes colour to match your surroundings (Stealth+).
Your rubbery body absorbs attacks. (AC +1, EV +1)
((You are camouflaged near water. (Stealth+)))
You have tentacles for arms and can constrict up to eight enemies at once.


Message History

Your +10 hand axe of Juhireis {spect, Drain rElec rF+, !f =f} hits the orc warrior but does no damage.
You constrict the orc warrior, but do no damage.
The orc warrior hits you with a +0 flail!
An orc priest comes into view. It is wielding a +0 dagger.
You release your grip on the orc warrior.
Aiming: Iceblast
Press: ? - help, Shift-Dir - straight line, f - orc
Aim: an orc, wielding a +0 short sword The mass of ice explodes!
The iceblast engulfs the orc!!
You kill the orc!
The iceblast engulfs the orc priest!
The orc priest is almost dead.
The iceblast engulfs the orc warrior!
The orc warrior is almost dead.
The orc priest shouts!
The orc warrior hits you with a +0 flail!
Something hits you.
* * * LOW HITPOINT WARNING * * *
Unknown command.
Unknown command.
Unknown command.
Aiming: Iceblast
Press: ? - help, Shift-Dir - straight line, f - orc priest
Aim: an orc priest, wielding the +9 dagger "Coanix" {antimagic, rF- Str+3 Dex+4} (almost dead)
The mass of ice explodes!
The iceblast engulfs the orc priest!!
You kill the orc priest!
The iceblast engulfs the orc warrior!
You kill the orc warrior!
An orc comes into view. It is wielding a +0 flail.
Something hits you.
* * * LOW HITPOINT WARNING * * *
Your Shields skill increases to level 2!
Your Ice Magic skill increases to level 4!
Aiming: Iceblast
Press: ? - help, Shift-Dir - straight line, f - orc priest
Aim: an orc priest, wielding a +0 dagger The mass of ice explodes!
The iceblast engulfs something!!
Reactivating autopickup.
You feel a bit more experienced. The iceblast engulfs you!
You die...

.............#
...............##.
...................
...................
....>....o.........
o.................
.......).....:.....
...###...o............
...)..))).....##......
......).@...).##....# .......
#..........##....o....#
.....o.##....##....##.........##
.............##................#
###
...............................#
##8## .....
......##.####.###......>#
##...### ##.>.# ..... ..#
#.####.....## #8.<.8.# #####...#
#..###..# ..........)..#
##.....# ##...)# #..#.....
.#####...)...###8.∩.8.# .o.##)#
##....# .. #....<†.##.......#
T....)########...### ##
##.....###.8.>.8.#
..................#
##..............#
#.......######..#..#
#.......#.....8...#
#.#........##..###.#
..####..#.#########
#.#.........(.####.##### ..
......# #.#....#....)).)).......
. ..##...#
.........[...#)#####..## ....
###.# ###.....####...# #. ...
#.. ###.......###..# .. ###


You could see an orc priest and 2 orcs.

Vanquished Creatures
  Sigmund (D:6)
  A wraith (D:10)
  A warg (D:9)
  An orc warrior (D:9)
  A hornet zombie (D:7)
  An ice beast (D:5)
  2 necrophages
  A black bear (D:6)
  2 ogres
  A centaur (D:6)
  A phantom (D:4)
  A kobold brigand (D:9)
  A gnoll sergeant (D:7)
  2 scorpions (D:6)
  A wyvern skeleton (D:6)
  9 killer bees
  2 howler monkeys
  5 hounds
  A bullfrog skeleton (D:4)
  3 centaur skeletons
  3 orc priests (D:9)
  Jessica (D:2)
  3 iguanas
  6 orc wizards
  A scorpion zombie (D:5)
  A killer bee zombie (D:7)
  2 howler monkey skeletons
  14 gnolls
  6 adders
  A shadow imp (D:9)
  5 dart slugs
  2 worms
  19 orcs
  7 endoplasms
  5 giant cockroaches
  5 goblins
  3 hobgoblins
  5 jackals
  7 quokkas
  7 ball pythons
  5 bats
  A frilled lizard (D:1)
  11 kobolds
  2 rats (D:3)
160 creatures vanquished.

Notes
Turn   | Place    | Note
-------+----------+-------------------------------------------
     0 | D:1      | petzl the Octopode Arcane Marksman began the quest for the
                  | Orb.
     0 | D:1      | Reached XP level 1. HP: 13/13 MP: 2/2
    86 | D:1      | Reached XP level 2. HP: 16/18 MP: 3/3
   129 | D:1      | Reached skill level 1 in Stealth
   266 | D:1      | Found a faded altar of an unknown god.
   575 | D:1      | Reached XP level 3. HP: 17/23 MP: 5/5
  1434 | D:2      | Reached skill level 2 in Stealth
  1603 | D:2      | Reached XP level 4. HP: 26/29 MP: 6/6
  1957 | D:2      | Reached XP level 5. HP: 34/34 MP: 6/8
  2322 | D:2      | Noticed Jessica
  2326 | D:2      | Killed Jessica
  2344 | D:2      | Learned a level 3 spell: Ozocubu's Armour
  3456 | D:3      | Reached skill level 3 in Stealth
  3916 | D:4      | Reached skill level 1 in Ice Magic
  4021 | D:4      | Reached XP level 6. HP: 33/41 MP: 7/9
  4135 | D:4      | Found a burning altar of Makhleb.
  4204 | D:4      | Learned a level 5 spell: Lightning Bolt
  4340 | D:4      | Identified the +10 hand axe of Juhireis {spect, Drain rElec
                  | rF+}
  4911 | D:4      | Reached skill level 1 in Conjurations
  4911 | D:4      | Reached skill level 1 in Air Magic
  4911 | D:4      | Reached XP level 7. HP: 31/45 MP: 10/10
  5274 | D:5      | Entered Level 5 of the Dungeon
  5586 | D:6      | Noticed Dowan
  5588 | D:6      | Noticed Duvessa
  5642 | D:6      | Reached skill level 4 in Stealth
  5671 | D:5      | Found a white marble altar of Elyvilon.
  6049 | D:5      | Reached XP level 8. HP: 52/52 MP: 9/12
  6232 | D:5      | Found a staircase to the Ecumenical Temple.
  6241 | Temple   | Entered the Ecumenical Temple
  7151 | D:6      | Noticed Sigmund
  7236 | D:6      | Learned a level 3 spell: Swiftness
  8047 | D:7      | Reached skill level 5 in Stealth
  9121 | D:6      | Reached XP level 9. HP: 42/58 MP: 14/14
  9568 | D:6      | Killed Sigmund
  9569 | D:6      | Reached skill level 1 in Evocations
 10229 | D:7      | Reached skill level 1 in Axes
 10522 | D:7      | Learned a level 2 spell: Poisonous Vapours
 10694 | D:9      | Found Qauv's General Store.
 10703 | D:9      | Bought a potion of heal wounds for 80 gold pieces
 10728 | D:8      | Reached skill level 6 in Stealth
 10764 | D:8      | Reached skill level 1 in Shields
 10797 | D:8      | Noticed Harold
 10991 | D:9      | Noticed a troll
 10996 | D:10     | Entered Level 10 of the Dungeon
 11021 | D:10     | Reached skill level 5 in Conjurations
 11401 | D:9      | Found a staircase to the Orcish Mines.
 11406 | D:9      | Identified the +9 dagger "Coanix" {antimagic, rF- Str+3
                  | Dex+4}
 11414 | D:9      | Killed themself with a badly aimed iceblast

Illustrated notes

Levels and vault maps discovered:
D:1:      psy_arrival_basics, layout_loops_ring,
          hellmonk_ecumenical_altar_inner_sanctum, serial_bayou_pond_a,
          minmay_pentomino_z4
D:2:      layout_basic, uniq_jessica
D:3:      layout_loops_corners, kennysheep_cross_room, grunt_decor_cap,
          minmay_misc_feat_columns
D:4:      layout_loops_ring, mainiacjoe_overflow_surrounded_room
D:5:      layout_loops_cross, lemuel_crystal_altar, minmay_temple_entry_slanted,
          minmay_misc_feat_tower, water_maze_lemuel
D:6:      layout_basic, kennysheep_okawaru_gauntlet, kennysheep_path_1,
          uniq_duvessa, uniq_sigmund
D:7:      layout_cave_pools, st_stairs_1
D:8:      layout_basic, kennysheep_mini_moat, uniq_grum, uniq_harold
D:9:      layout_rooms, erik_orc_4, serial_shops, nicolae_stop_n_shop_2
D:10:     layout_roguey, mainiacjoe_overflow_concentric_impassable,
          mainiacjoe_overflow_large_starburst, kennysheep_generic_room_7
Temple:   regret_index_temple_waves

Skill      XL: |  1  2  3  4  5  6  7  8  9 |
---------------+----------------------------+-----
Stealth        | 1 2 3 4 5 6 |  6.4
Fighting       | 2 3 4 |  4.6
Spellcasting   | 2 3 4 |  4.9
Crossbows      | 3 4 |  4.0
Dodging        | 3 4 |  4.0
Ice Magic      | 1 2 3 4 |  4.0
Conjurations   | 1 2 4 5 |  5.3
Air Magic      | 1 2 3 |  3.0
Evocations     | 2 |  2.3
Axes           | 2 |  2.6
Shields        | 2 |  2.1
Hexes          | |  3.0

Action                   |  1- 3 |  4- 6 |  7- 9 || total
-------------------------+-------+-------+-------++-------
Melee: Falchion          |       |    55 |   100 ||   155
       Constrict         |       |    15 |    34 ||    49
       Tentacles         |       |    13 |    24 ||    37
       Hand axe          |       |       |    55 ||    55
 Fire: Hand crossbow     |    76 |   102 |    61 ||   239
Throw: Dart              |       |       |     6 ||     6
 Cast: Slow              |     2 |    44 |   104 ||   150
       Ozocubu's Armour  |       |       |     6 ||     6
       Poisonous Vapours |       |       |    13 ||    13
Evoke: Wand              |       |       |    11 ||    11
  Use: Potion            |       |       |     3 ||     3
 Stab: Sleeping          |       |     1 |     2 ||     3
       Distracted        |       |       |     1 ||     1
Armor: Skin              |     3 |    12 |    21 ||    36
Dodge: Dodged            |    14 |    43 |   159 ||   216
Block: Buckler           |       |       |     5 ||     5

Table legend: (Time is in decaauts)
 A = Elapsed time spent in this place.
 B = Non-inter-level travel time spent in this place.
 C = Inter-level travel time spent in this place.
 D = Time resting spent in this place.
 E = Time spent auto-exploring this place.
 F = Levels seen in this place.
 G = Mean time per level.
                   A        B        C        D        E       F      G
               +--------+--------+--------+--------+--------+-----+--------+
         Total |  11558 |  10653 |    905 |   3679 |   4155 |  11 | 1050.7 |
       Dungeon |  11425 |  10552 |    873 |   3679 |   4067 |  10 | 1142.5 |
        Temple |    132 |    100 |     32 |      0 |     88 |   1 |  132.0 |
               +--------+--------+--------+--------+--------+-----+--------+

Top non-repeatable levels by time:
     D:6: 2283 daAuts
     D:5: 2109 daAuts
     D:2: 1682 daAuts
     D:3: 1429 daAuts
     D:4: 1189 daAuts
     D:1: 1137 daAuts
     D:7: 764 daAuts
     D:9: 564 daAuts
    D:10: 137 daAuts
  Temple: 132 daAuts
     D:8: 128 daAuts
